[Event "Late-Titled-Tuesday-Blitz-September-19-2023"]
[Site "Chess.com"]
[Date "2023.09.19"]
[Round "1"]
[White "NotFischer"]
[Black "ArmanGhevondyanchess"]
[Result "0-1"]
[WhiteElo "2252"]
[BlackElo "2558"]
[TimeControl "180+1"]
[EndTime "14:07:22 PDT"]
[Termination "ArmanGhevondyanchess won by checkmate"]

1. e4 c5 2. Nf3 Nc6 3. Bb5 g6 4. Bxc6 bxc6 5. O-O Bg7 6. d3 Rb8 7. c3 Nf6 8. Re1 O-O 9. Nbd2 d6 10. h3 e5 11. Nc4 Nh5 12. Qa4 Qc7 13. Na5 Bd7 14. Bd2 h6 15. b4 cxb4 16. cxb4 f5 17. Qb3+ Kh7 18. Rac1 f4 19. a4 g5 20. b5 c5 21.
Qd5 Nf6 22. Qc4 Qc8 23. Kh2 g4 24. hxg4 Nxg4+ 25. Kg1 Be6 26. Qc2 Rg8 27. Kf1 Nf6 28.
Nc4 Qd7 29. Ke2 Rbe8 30. Rh1 Kh8 31. Ng5 Nh7 32. Nxe6 Qxe6 33. f3 Bf6 34. Be1 Rxg2+ 35. Bf2 Be7 36. Rcg1 Reg8 37. Rxg2 Rxg2 38. Na5 Qg6 39.
Nc6 Rxf2+ 40. Kxf2 Qg3+ 41. Kf1 Qxf3+ 42. Kg1 Bg5 43. Nxe5 dxe5 44. Qxc5 Qg3+ 45. Kf1 Qxd3+ 46. Kg1 Qd1+ 47. Kg2 f3+ 48. Kg3 Qxh1 49. Qc8+ Kg7 50. Qd7+ Kg6 51. Qe6+ Nf6 52. Qf5+ Kf7 53. Qxe5 Qg2# 0-1

[Event "Late-Titled-Tuesday-Blitz-September-19-2023"]
[Site "Chess.com"]
[Date "2023.09.19"]
[Round "1"]
[White "AleksanderHnydiuk"]
[Black "Hikaru"]
[Result "0-1"]
[WhiteElo "2508"]
[BlackElo "3246"]
[TimeControl "180+1"]
[EndTime "14:07:24 PDT"]
[Termination "Hikaru won on time"]

1. Nf3 a6 2. e4 e6 3. d4 b5 4. Bd3 c5 5. c3 Bb7 6. O-O d6 7. Qe2 Nd7 8. Nbd2 Ne7 9. Re1 Ng6 10. Nf1 Be7 11. a4 c4 12. Bc2 O-O 13. b4 cxb3 14. Bxb3 bxa4 15. Bxa4 Nb6 16. Bc2 a5 17. Bd3 d5 18. e5 Qc8 19. Bd2 a4 20. Reb1 Bd8 21.
Ne1 Ba6 22. Nc2 Bxd3 23. Qxd3 Nc4 24. Na3 Nxa3 25. Rxa3 Be7 26. Ra2 a3 27. Bc1 Ra4 28.
Ne3 Nf4 29. Qc2 Qa6 30. Rba1 Nd3 31. Qb3 Ra8 32. Nc2 Nxc1 33. Rxc1 h5 34. Rca1 h4 35. h3 Qd3 36. Ne1 Qf5 37. Nc2 Qd3 38. Ne1 Qa6 39. Nc2 Ra5 40. Nb4 Bxb4 41. cxb4 Ra4 42. b5 Qa5 43. b6 Rb8 44. b7 Rb4 45. Qxa3 Qb6 46. Qa7 Rxb7 47. Qxb6 R7xb6 48. Ra4 Rb2 49. Ra8+ Kh7 50.
R8a7 Kg6 51. R7a4 Rd2 52. Rc1 Rbb2 0-1

[Event "Late-Titled-Tuesday-Blitz-September-19-2023"]
[Site "Chess.com"]
[Date "2023.09.19"]
[Round "1"]
[White "traack"]
[Black "Siemba"]
[Result "1-0"]
[WhiteElo "2364"]
[BlackElo "2608"]
[TimeControl "180+1"]
[EndTime "14:07:27 PDT"]
[Termination "traack won by resignation"]

1. e4 e5 2. Nf3 Nc6 3. Bb5 a6 4.
Ba4 Nf6 5. O-O Be7 6. Re1 b5 7.
Bb3 O-O 8. a4 b4 9. d4 d6 10. c3 a5 11. Be3 Bb7 12. Nbd2 Ng4 13.
d5 Nxe3 14. Rxe3 Nb8 15. Nf1 Nd7 16. Qe1 Nc5 17. cxb4 axb4 18. Qxb4 Rb8 19. Qa3 c6 20. dxc6 Bxc6 21. Bd5 Bxd5 22. exd5 Qa5 23. N1d2 Rb4 24. b3 Rfb8 25. Nc4 Qa6 26. Nfd2 Bg5 27. Rg3 Bf4 28. Rh3 Bxd2 29. Nxd2 Qe2 30. Qc1 Nd3 31. Qd1 Qxf2+ 32.
Kh1 Qd4 33. Ne4 Nf4 34. Qxd4 exd4 35. Rf3 Nxd5 36. Nxd6 Nf6 37. a5 Rxb3 38. Rxb3 Rxb3 39. a6 Rb8 40. a7 Ra8 41. Rb1 g6 42. Rb8+ Kg7 43.
Rxa8 d3 44. Rd8 Nd5 45. Ne8+ Kf8 46. Rxd5 d2 47. Rxd2 1-0

[Event "Late-Titled-Tuesday-Blitz-September-19-2023"]
[Site "Chess.com"]
[Date "2023.09.19"]
[Round "1"]
[White "WelshTiger"]
[Black "Sokoloco"]
[Result "0-1"]
[WhiteElo "2384"]
[BlackElo "2677"]
[TimeControl "180+1"]
[EndTime "14:07:29 PDT"]
[Termination "Sokoloco won on time"]

1. e4 d6 2. d4 g6 3. Nc3 Bg7 4. f4 c5 5. dxc5 Qa5 6. Bd2 Qxc5 7. Nf3 Bg4 8. Bd3 Nc6 9. h3 Bxf3 10. Qxf3 Rc8 11. O-O-O Nb4 12. Kb1 Nf6 13. Rhe1 O-O 14. Be3 Qa5 15. a3 Nxd3 16. Rxd3 Nd7 17. Bd4 Nc5 18.
Rdd1 Na4 19. Bxg7 Kxg7 20. Nxa4 Qxa4 21. Qd3 Rc5 22. c3 Kg8 23. e5 dxe5 24. fxe5 e6 25. Re4 Qc6 26. Rd2 Rd5 27. Rd4 Rxe5 28. Rd8 Qc7 29.
Rxf8+ Kxf8 30. Qg3 Qc5 31. Rd4 Kg7 32. Ka2 Rd5 33.
Rb4 b6 34. Qf3 Qd6 35. Rf4 f5 36. Rc4 h5 37. Qe2 Kf6 38. Qf2 Rd2 39. Qh4+ Kf7 0-1

[Event "Late-Titled-Tuesday-Blitz-September-19-2023"]
[Site "Chess.com"]
[Date "2023.09.19"]
[Round "1"]
[White "Goryachkina"]
[Black "GreatOwl02"]
[Result "1/2-1/2"]
[WhiteElo "2688"]
[BlackElo "2425"]
[TimeControl "180+1"]
[EndTime "14:07:30 PDT"]
[Termination "Game drawn - insufficient material"]

1. e4 e5 2. Nf3 Nc6 3. Bc4 Nf6 4. d3 h6 5. c3 d6 6. h3 g5 7. d4 g4 8. hxg4 Bxg4 9. Qb3 Qd7 10. Nbd2 Bxf3 11. Nxf3 Na5 12. Bxf7+ Qxf7 13. Qb5+ c6 14. Qxa5 exd4 15. e5 Nd5 16. cxd4 dxe5 17. O-O Bb4 18. Qa4 e4 19. Ne5 Qc7 20. Be3 Rg8 21. Rac1 Bd6 22. Nxc6 bxc6 23. Rxc6 Qd7 24. Rfc1 Ne7 25. R6c4 Qxa4 26.
Rxa4 Kd7 27. Ra6 h5 28. d5 Nxd5 29. Rxa7+ Rxa7 30. Bxa7 Ra8 31. Rd1 Kc7 32. Rxd5 Rxa7 33. Rxh5 Rxa2 34. g3 Rxb2 35. Rh4 Bc5 36. Rxe4 Bxf2+ 37. Kg2 Bc5+ 38. Kf3 Bd6 39. Re2 Rxe2 40. Kxe2 Bxg3 1/2-1/2

[Event "Late-Titled-Tuesday-Blitz-September-19-2023"]
[Site "Chess.com"]
[Date "2023.09.19"]
[Round "1"]
[White "DucksParadise"]
[Black "Garmendiarov"]
[Result "1-0"]
[WhiteElo "2644"]
[BlackElo "2363"]
[TimeControl "180+1"]
[EndTime "14:07:32 PDT"]
[Termination "DucksParadise won by resignation"]

1. g3 Nf6 2. Bg2 g6 3. Nf3 Bg7 4.
O-O O-O 5. c4 c5 6. d4 cxd4 7.
Nxd4 Nc6 8. Nc3 a6 9. c5 Qa5 10.
Nb3 Qc7 11. Bf4 Qd8 12. Qd2 b6 13. Na4 bxc5 14. Nbxc5 Nh5 15. Bh6 Bxh6 16. Qxh6 Rb8 17. Bxc6 dxc6 18. Rfd1 Qc7 19. Qd2 Bg4 20. f3 Bh3 21. Qg5 f6 22. Qh4 Bc8 23. Qc4+ Kh8 24. Kg2 e5 25. Rd2 Ng7 26. e4 Qe7 27. Rad1 Ne6 28.
Nxe6 Bxe6 29. Qc5 Qxc5 30. Nxc5 Bxa2 31. Nd7 Bb3 32. Nxb8 Bxd1 33. Nxa6 Ba4 34. Nc5 Bb5 35. Rd6 Kg7 36. Ne6+ Kf7 37. Nxf8 Kxf8 38. Rd7 h5 39. Rc7 f5 40. Kf2 fxe4 41. fxe4 Ke8 42. Ke3 Kd8 43. Rg7 Ke8 44. Rxg6 Ke7 45. Rh6 h4 46. Rxh4 1-0

[Event "Late-Titled-Tuesday-Blitz-September-19-2023"]
[Site "Chess.com"]
[Date "2023.09.19"]
[Round "1"]
[White "dcremisi"]
[Black "TheMagician"]
[Result "0-1"]
[WhiteElo "2507"]
[BlackElo "2238"]
[TimeControl "180+1"]
[EndTime "14:07:32 PDT"]
[Termination "TheMagician won by checkmate"]

1. d4 Nf6 2. c4 e6 3. Nf3 d5 4. Nc3 Be7 5. cxd5 exd5 6. Bg5 c6 7.
e3 O-O 8. Bd3 Re8 9. Qc2 Ne4 10.
Bxe4 dxe4 11. Bxe7 Qxe7 12. Nd2 Qg5 13. g3 Bf5 14. O-O-O Nd7 15. Rdg1 h5 16. Ncxe4 Rxe4 17. Nxe4 Qg4 18. f3 Qxf3 19. Nd2 Qxh1 20. Rxh1 Bxc2 21.
Kxc2 f5 22. Kd3 Re8 23. Nc4 Re6 24. Rc1 g6 25. Na5 Nf6 26. Nxb7 Ng4 27. Re1 Nxh2 28. Na5 g5 29. Kc4 Ng4 30. Kc5 Rxe3 31. Rxe3 Nxe3 32. Nxc6 h4 33. gxh4 gxh4 34. d5 Ng4 35. Ne7+ Kf7 36.
Nxf5 h3 37. Kc6 Ne5+ 38. Kc7 h2 39. Ng3 Kf6 40. d6 Kg5 41. b4 Kg4 42. Nh1 Kf3 43.
a4 Kg2 44. b5 Kxh1 45. a5 Kg2 46. b6 axb6 47. axb6 h1=Q 48. b7 Qh7+ 49. Kb6 Nd7+ 50. Kc7 Qf7 51. Kd8 Kf3 52. Kc7 Ke4 53. Kc6 Ke5 54. Kc7 Kd5 55. Kd8 Kxd6 56. b8=Q+ Nxb8 57. Kc8 Qc7# 0-1

[Event "Late-Titled-Tuesday-Blitz-September-19-2023"]
[Site "Chess.com"]
[Date "2023.09.19"]
[Round "1"]
[White "Zampronha1971"]
[Black "Mikhail_Golubev"]
[Result "0-1"]
[WhiteElo "2277"]
[BlackElo "2568"]
[TimeControl "180+1"]
[EndTime "14:07:36 PDT"]
[Termination "Mikhail_Golubev won on time"]

1. e4 c5 2. Nf3 d6 3. d4 cxd4 4.
Nxd4 Nf6 5. Nc3 Nc6 6. Bg5 e6 7. Qd2 a6 8. O-O-O Bd7 9. f4 Be7 10. Nf3 b5 11. e5 b4 12. exf6 bxc3 13. Qxc3 gxf6 14. Bh4 Rg8 15. Kb1 Rb8 16. g3 a5 17.
Bd3 f5 18. Bxe7 Nxe7 19. Rhe1 Qb6 20. Qb3 a4 21. Qxb6 Rxb6 22. a3 Kf8 23. Be2 Kg7 24. Rd4 Rgb8 25. Ka1 Rxb2 26. Rxd6 Nd5 27. Rxd5 exd5 28.
Nd4 R2b6 29. Bd3 Kf6 30. Rd1 Rc8 31. Nf3 Be6 32. Nd4 h5 33. Re1 h4 34. Rg1 hxg3 35.
hxg3 Rh8 36. g4 fxg4 37. f5 Bd7 38. Rxg4 Rh1+ 39. Ka2 Rhb1 40. Nb3 R1xb3 41. cxb3 Rxb3 42. Bc2 Rf3 43. Bxa4 Bxf5 44. Rd4 Ke5 45. Rd2 d4 46. Be8 Be6+ 47. Ka1 Rxa3+ 48. Kb2 Rc3 0-1

[Event "Late-Titled-Tuesday-Blitz-September-19-2023"]
[Site "Chess.com"]
[Date "2023.09.19"]
[Round "1"]
[White "chessprincesa1"]
[Black "BigAl"]
[Result "0-1"]
[WhiteElo "2246"]
[BlackElo "2549"]
[TimeControl "180+1"]
[EndTime "14:07:38 PDT"]
[Termination "BigAl won by resignation"]

1. d4 Nf6 2. c4 g6 3. g3 Bg7 4. Bg2 O-O 5. Nf3 d6 6. O-O Nbd7 7. Nc3 e5 8. Qc2 Re8 9. Rd1 c6 10. e4 exd4 11. Nxd4 Ne5 12. b3 Bg4 13. f3 c5 14.
fxg4 cxd4 15. Nb5 d3 16. Qd2 Nfxg4 17. h3 Qb6+ 18. Kh1 Nf2+ 19. Kh2 Nxd1 20. Qxd1 Nf3+ 21. Qxf3 Bxa1 22. Qxd3 Qf2 23. Be3 Qf6 24. Nc7 Be5 25.
Nxa8 Rxa8 26. Qd2 a5 27. a4 Bc3 28. Qd3 Be5 29. Qd2 Qe6 30. Bf3 h5 31. Kg2 Kh7 32.
Bf2 f5 33. exf5 Qxf5 34. Bxb7 Rf8 35. Qe2 h4 36. Be4 Qg5 37. Qg4 Qxg4 38. hxg4 hxg3 39. Bxg3 Bxg3 40. Kxg3 Kh6 41. Bd3 Kg5 42. Be2 Rf7 43. Bf3 Re7 44. Kf2 Kf4 45. Bd1 g5 46. Be2 Re3 47.
Bd1 Re5 48. Be2 Re7 49. Bd1 Rh7 50. Bc2 Rh2+ 0-1

[Event "Late-Titled-Tuesday-Blitz-September-19-2023"]
[Site "Chess.com"]
[Date "2023.09.19"]
[Round "1"]
[White "cukus"]
[Black "ameetghasi100"]
[Result "0-1"]
[WhiteElo "2410"]
[BlackElo "2693"]
[TimeControl "180+1"]
[EndTime "14:07:39 PDT"]
[Termination "ameetghasi100 won by checkmate"]

1. d4 Nf6 2. c4 d6 3. Nc3 g6 4. e4 Bg7 5. Be2 O-O 6. h4 h5 7. Nh3 Bxh3 8. Rxh3 Nc6 9. Bg5 Qd7 10. Qd2 e5 11. d5 Nd4 12. O-O-O c6 13. Kb1 a6 14. f3 b5 15. dxc6 Qxc6 16. Nd5 Nxd5 17. cxd5 Qd7 18. g4 Rfc8 19. Bd3 hxg4 20. Rg3 Nxf3 21.
Qg2 f5 22. h5 Nxg5 23. hxg6 fxe4 24. Rxg4 exd3 25. Rxg5 Rc4 26. Qh1 Rf4 27. Qh7+ Kf8 28. a3 Rc8 29. Rxd3 Qc7 30. Rc3 Qb7 31. Rd3 Rc5 32.
Qh3 Qc8 33. Qe3 Rc2 34. Rh5 Qc4 35. Rc3 Rf1+ 36. Kxc2 Qxd5 37. Qd2 Qe4+ 38. Qd3 Rf2+ 39. Kb3 Qxd3 40. Rxd3 e4 41. Rxd6 Rxb2# 0-1

[Event "Late-Titled-Tuesday-Blitz-September-19-2023"]
[Site "Chess.com"]
[Date "2023.09.19"]
[Round "1"]
[White "subham777"]
[Black "Pawnpusherschessaccademy"]
[Result "1-0"]
[WhiteElo "2607"]
[BlackElo "2324"]
[TimeControl "180+1"]
[EndTime "14:07:41 PDT"]
[Termination "subham777 won on time"]

1. e4 c5 2. Nf3 Nc6 3. Bb5 g6 4. O-O Bg7 5. c3 Nf6 6. Re1 O-O 7. d4 d5 8. e5 Ne4 9. Nbd2 cxd4 10. cxd4 Qb6 11.
Bxc6 Qxc6 12. Nb3 a5 13. Be3 a4 14. Nc5 b6 15. Nxe4 dxe4 16. Rc1 Qd5 17. Nd2 Qxa2 18. Nxe4 Qxb2 19. Rb1 Qa2 20. Rxb6 a3 21. Qa1 Qxa1 22. Rxa1 Be6 23. Nc5 Rab8 24. Rxb8 Rxb8 25. Nxe6 fxe6 26. g4 Ra8 27. Ra2 Kf7 28. Bc1 Ra4 29. Rxa3 Rxd4 30. Rf3+ Ke8 31. Bf4 Re4 32. Kg2 Bxe5 33.
Bxe5 Rxe5 34. Rh3 h5 35. gxh5 Rxh5 36. Rg3 Kf7 37. Rf3+ Rf5 38. Ra3 Rg5+ 39. Kf3 Rf5+ 40. Kg3 Rg5+ 41. Kf4 Rd5 42. f3 1-0

[Event "Late-Titled-Tuesday-Blitz-September-19-2023"]
[Site "Chess.com"]
[Date "2023.09.19"]
[Round "1"]
[White "Baronessa08"]
[Black "Mihajlovskij"]
[Result "1-0"]
[WhiteElo "2554"]
[BlackElo "2248"]
[TimeControl "180+1"]
[EndTime "14:07:42 PDT"]
[Termination "Baronessa08 won on time"]

1. Nf3 Nf6 2. b3 g6 3. Bb2 Bg7 4. c4 O-O 5. g3 b6 6. Bg2 Bb7 7. O-O d6 8. Nc3 Nbd7 9. Qc2 e6 10. d4 Qe7 11. Rad1 a6 12. e4 e5 13. dxe5 Nxe5 14.
Nxe5 dxe5 15. Nd5 Nxd5 16. exd5 f5 17. Rfe1 Rad8 18. f3 Rfe8 19. Re2 c6 20. dxc6 Bxc6 21. Rde1 Qc5+ 22. Kh1 Re7 23. a3 a5 24. g4 fxg4 25. fxg4 Bxg2+ 26. Kxg2 Red7 27. Qe4 Rd2 28. Rxd2 Rxd2+ 29. Re2 Rd1 30. Bxe5 Qg1+ 31. Kh3 Qf1+ 32. Kh4 Bf8 33. Bg3 g5+ 34. Kxg5 h6+ 35. Kh5 Qf7+ 36.
Qg6+ Qxg6+ 37. Kxg6 Rd3 38. Kf5 Rxb3 39. a4 Rb4 40. Re6 Bc5 41. Re8+ Kf7 42. Rh8 1-0

[Event "Late-Titled-Tuesday-Blitz-September-19-2023"]
[Site "Chess.com"]
[Date "2023.09.19"]
[Round "1"]
[White "Lennis93"]
[Black "ljuks68"]
[Result "1-0"]
[WhiteElo "2741"]
[BlackElo "2440"]
[TimeControl "180+1"]
[EndTime "14:07:44 PDT"]
[Termination "Lennis93 won by resignation"]

1. Nf3 d5 2. c4 c6 3. e3 Nf6 4. Nc3 e6 5. d4 Nbd7 6. Bd3 dxc4 7. Bxc4 b5 8. Bd3 a6 9. e4 c5 10. e5 cxd4 11. Ne4 Nd5 12. O-O Nc5 13. Bg5 Qb6 14.
Nxc5 Bxc5 15. a3 h6 16. Bd2 Bb7 17. Rc1 O-O 18. Qe2 Rad8 19. Qe4 f5 20. exf6 Nxf6 21. Qe5 Rd5 22. Qg3 Bd6 23. Qg6 Rh5 24. h3 Bxf3 25. gxf3 Bb8 26. Kg2 Qd6 27. f4 Qd5+ 28. f3 Qd7 29. Rfe1 e5 30. f5 Qd6 31. Bb4 Qd8 32.
Bxf8 Qxf8 33. Rc6 e4 34. Rxf6 Qxf6 35. Qxh5 exd3 36. Re8+ Kh7 37. Qg6+ Qxg6+ 38. fxg6+ Kxg6 39. Rd8 Be5 40. Kf2 d2 41. Ke2 d3+ 42. Rxd3 Bxb2 43. Kxd2 Be5 44. Ke3 a5 45. Rd5 Bb2 46. Rxb5 Bxa3 47.
Rxa5 Bb2 48. Ke4 Bf6 49. Kf4 Be7 50. Kg4 Bd6 51. h4 Be5 52. Rxe5 1-0

[Event "Late-Titled-Tuesday-Blitz-September-19-2023"]
[Site "Chess.com"]
[Date "2023.09.19"]
[Round "1"]
[White "zsoltkorpics"]
[Black "lefonghua"]
[Result "0-1"]
[WhiteElo "2362"]
[BlackElo "2644"]
[TimeControl "180+1"]
[EndTime "14:07:46 PDT"]
[Termination "lefonghua won on time"]

1. e4 c5 2. Nf3 g6 3. d4 cxd4 4. Qxd4 Nf6 5. Bb5 a6 6. e5 axb5 7. exf6 Nc6 8. Qd3 e6 9. Nc3 Bb4 10. Bd2 Qxf6 11. Nxb5 Bxd2+ 12. Nxd2 O-O 13. c3 d5 14. O-O Bd7 15. Nf3 Ne5 16. Nxe5 Qxe5 17. Nd4 Qc7 18. Nf3 Qb6 19. Qd2 f6 20. Rfe1 Rfe8 21.
Qf4 e5 22. Qd2 Be6 23. a3 Kg7 24. h4 h5 25. b4 Rac8 26. a4 Rc4 27. a5 Qc7 28. Re3 Rc8 29. Ra3 Qc6 30. Qb2 Rg4 31.
b5 Qc5 32. a6 bxa6 33. bxa6 Rc7 34. Rb3 Bc8 35. Rb6 Ra4 36. Qb5 Ra1+ 37. Kh2 Rxa6 38.
Qxc5 Rxc5 39. Rb8 Rac6 40. Rb3 Be6 41. Rd3 Rc7 42. Ra3 Bf5 43. Re3 Kf7 44. Nd2 Be6 45. g3 Rd7 46. Kg2 d4 47. cxd4 exd4 48. Red3 Bf5 49.
Rdb3 Rc2 50. Nf3 Be4 51. Kf1 d3 52. Ne1 d2 53. Ra1 Rc1 0-1

[Event "Late-Titled-Tuesday-Blitz-September-19-2023"]
[Site "Chess.com"]
[Date "2023.09.19"]
[Round "1"]
[White "KorolDimitriy75"]
[Black "CheckThis4"]
[Result "0-1"]
[WhiteElo "2382"]
[BlackElo "2675"]
[TimeControl "180+1"]
[EndTime "14:07:48 PDT"]
[Termination "CheckThis4 won by checkmate"]

1. d4 Nf6 2. c4 e5 3. dxe5 Ng4 4. Bf4 Bb4+ 5. Nd2 d6 6. exd6 Qf6 7. e3 g5 8. Bg3 h5 9. h4 gxh4 10. Bxh4 Qxb2 11. Nf3 Bxd6 12. Be2 Nc6 13. O-O Bf5 14. Nb3 Bc2 15. Qc1 Ba3 16. Qd2 Bg6 17. Rad1 Qxd2 18. Rxd2 O-O 19. Nfd4 Nce5 20. Bg3 Bb4 21. Rdd1 Rfe8 22.
Nf3 Nxf3+ 23. Bxf3 c6 24. Nd4 Rad8 25. Ne2 Bd3 26. Rc1 a5 27. Rfd1 a4 28. Nf4 Bf5 29. Nxh5 Ba3 30. Bxg4 Bxc1 31. Rxc1 Bxg4 32. Nf6+ Kg7 33.
Nxg4 f6 34. e4 Rd2 35. f3 Rxa2 36. Ne3 a3 37. Nf5+ Kg6 38. Nd6 Rd8 39. Nxb7 Rdd2 40. Bf4 Rxg2+ 41. Kh1 Rgf2 42. Nd8 Rxf3 43. Bd6 Rh3+ 44.
Kg1 Rd3 45. c5 Rdd2 46. Nxc6 Rac2 47. Ra1 a2 48. Nb4 Rb2 49. Nxa2 Rxa2 50. Re1 Rg2+ 51.
Kf1 Raf2# 0-1

[Event "Late-Titled-Tuesday-Blitz-September-19-2023"]
[Site "Chess.com"]
[Date "2023.09.19"]
[Round "1"]
[White "AhmadzadaA"]
[Black "Squirlolz"]
[Result "1-0"]
[WhiteElo "2943"]
[BlackElo "2494"]
[TimeControl "180+1"]
[EndTime "14:07:49 PDT"]
[Termination "AhmadzadaA won on time"]

1. Nf3 Nf6 2. g3 b6 3. Bg2 Bb7 4. O-O e6 5. Re1 Be7 6. d3 d5 7. b3 O-O 8. c4 a5 9. a3 c5 10. Bb2 Nc6 11. Nc3 d4 12. Nb5 e5 13. Nxe5 Qc8 14.
Nxc6 Bxc6 15. Bxc6 Qxc6 16. e3 dxe3 17. Rxe3 Rfe8 18.
Qf3 Qxf3 19. Rxf3 Rad8 20. Re1 Kf8 21. Rfe3 Ng4 22. Re4 Bf6 23. Rxe8+ Rxe8 24. Rxe8+ Kxe8 25. Bxf6 Nxf6 26. Kg2 Ng4 27. f4 Ke7 28. h3 Ne3+ 29. Kf3 Nc2 30. Ke4 Na1 31. Nc7 Kd6 32. Nd5 Kc6 33.
b4 cxb4 34. axb4 a4 35. Kd4 Nb3+ 36. Kc3 Nc1 37. b5+ Kb7 38. Kc2 Ne2 39. g4 g6 40.
g5 Nd4+ 41. Kc3 Ne6 42. Kb4 Nc5 43. d4 Nb3 44. Kc3 Nc1 45. c5 Ne2+ 46. Kc4 bxc5 47. dxc5 a3 48. c6+ Kc8 49. Nb4 1-0

[Event "Late-Titled-Tuesday-Blitz-September-19-2023"]
[Site "Chess.com"]
[Date "2023.09.19"]
[Round "1"]
[White "Flaccidmoves"]
[Black "alexrustemov"]
[Result "0-1"]
[WhiteElo "2456"]
[BlackElo "2802"]
[TimeControl "180+1"]
[EndTime "14:07:49 PDT"]
[Termination "alexrustemov won by checkmate"]

1. c4 c5 2. g3 g6 3. Bg2 Bg7 4. Nc3 Nc6 5. Rb1 b6 6. a3 Bxc3 7. dxc3 Bb7 8. Nf3 d6 9. O-O Qc7 10. b4 Nf6 11. a4 O-O 12. Bh6 Rfc8 13. a5 Ne5 14. Nxe5 Bxg2 15. Kxg2 dxe5 16. b5 Rd8 17.
Qc2 Qd7 18. Rfd1 Qe6 19. Rxd8+ Rxd8 20. Rd1 Re8 21. axb6 axb6 22. Qa2 Ng4 23. Bc1 h5 24. h3 Nf6 25. f3 e4 26. f4 e3 27. Rd3 Qe4+ 28. Kh2 Ra8 29. Qb2 Qxc4 30. Bxe3 Ra2 31. Qb1 Rxe2+ 32. Kg1 Qe4 33. Rd8+ Kg7 34. Qxe4 Nxe4 35.
Rb8 Rxe3 36. Rxb6 Rxg3+ 37. Kh2 Rxc3 38. Rb7 Rc2+ 39. Kg1 Kf6 40. b6 Rb2 41. Rb8 c4 42. b7 c3 43. Kf1 c2 44. Rc8 Rxb7 45. Rxc2 Rb3 46. Rc6+ e6 47. Kg2 Ng3 48. Ra6 Nf5 49. Ra5 Rb2+ 50. Kf3 Rh2 51. Ra6 Rxh3+ 52. Kg2 Rb3 53. Kh2 h4 54. Ra5 Nh6 55. Ra6 Ng4+ 56. Kg2 h3+ 57. Kf1 Rb1+ 58. Ke2 h2 59. f5 h1=Q 60.
fxe6 Qe4+ 61. Kd2 Rb2+ 62. Kd1 Qc2+ 63. Ke1 Qe2# 0-1

[Event "Late-Titled-Tuesday-Blitz-September-19-2023"]
[Site "Chess.com"]
[Date "2023.09.19"]
[Round "1"]
[White "picturesquecheck"]
[Black "serhanberat_ozdemir"]
[Result "0-1"]
[WhiteElo "2347"]
[BlackElo "2622"]
[TimeControl "180+1"]
[EndTime "14:07:49 PDT"]
[Termination "serhanberat_ozdemir won by resignation"]

1. e4 c5 2. c3 d5 3. exd5 Qxd5 4. d4 Nc6 5. Nf3 Bg4 6. Be2 e6 7. Na3 cxd4 8. Nb5 Qd8 9. Nbxd4 Nxd4 10. Nxd4 Bxe2 11.
Qxe2 Nf6 12. O-O Be7 13. Bg5 O-O 14. Rad1 Qb6 15. Be3 Qa5 16. a3 a6 17. Rfe1 Rfd8 18. h3 Qa4 19. Qf3 Rd5 20. Rc1 Rad8 21. Nc2 Qb3 22.
Nb4 R5d7 23. Bb6 Rc8 24. Rb1 h6 25. Red1 Rxd1+ 26. Qxd1 Qc4 27. Qf3 Qe4 28. Qxe4 Nxe4 29. Re1 Nd2 30. Be3 Nc4 31. Bc1 Rd8 32. Kf1 a5 33. Nc2 Bc5 34. Ke2 f5 35. Ne3 Bxe3 36. fxe3 a4 37. Rd1 Rxd1 38. Kxd1 e5 39. Kc2 Na5 40. e4 fxe4 41. Be3 Kf7 42. Bb6 Nc4 43. Bg1 Ke6 44. b3 axb3+ 45. Kxb3 Kd5 46. a4 e3 47. Kc2 Ke4 48. Kd1 Kd3 49. Ke1 Na3 50. Bxe3 Kxe3 51.
a5 Kd3 52. c4 e4 53. c5 e3 54. c6 Nc2+ 0-1

[Event "Late-Titled-Tuesday-Blitz-September-19-2023"]
[Site "Chess.com"]
[Date "2023.09.19"]
[Round "1"]
[White "PNEPaul"]
[Black "SalihEke"]
[Result "0-1"]
[WhiteElo "1918"]
[BlackElo "2511"]
[TimeControl "180+1"]
[EndTime "14:07:49 PDT"]
[Termination "SalihEke won by checkmate"]

1. e4 c5 2. Nf3 d6 3. d4 cxd4 4. c3 dxc3 5. Nxc3 Nf6 6. Bc4 Nc6 7. e5 dxe5 8. Qxd8+ Nxd8 9. Nb5 Rb8 10. Nxa7 e4 11. Ne5 Be6 12. Bb5+ Nc6 13. Bf4 Rd8 14. Naxc6 bxc6 15. Bxc6+ Bd7 16. Nxd7 Nxd7 17. Rd1 e5 18. Bxe5 Bb4+ 19.
Bc3 Bxc3+ 20. bxc3 Ke7 21. Bxe4 Kf6 22. O-O Nc5 23.
Rxd8 Rxd8 24. Bf3 Rd2 25. c4 Rxa2 26. Bd5 Ke5 27. Bxf7 h6 28. h3 g5 29. Re1+ Kd4 30.
Bd5 Rd2 31. Rf1 Nd3 32. g3 Rb2 33. h4 gxh4 34. gxh4 Nf4 35. Rd1+ Kc5 36. Rf1 Rb8 37.
Kh2 Rb3 38. f3 Rb2+ 39. Kg3 Ne2+ 40. Kg4 Kd4 41. Kh5 Nf4+ 42. Kxh6 Rg2 43. Rd1+ Ke5 44. Re1+ Kf6 45. Re4 Rg6+ 46. Kh7 Rg7+ 47. Kh8 Ng6# 0-1

[Event "Late-Titled-Tuesday-Blitz-September-19-2023"]
[Site "Chess.com"]
[Date "2023.09.19"]
[Round "1"]
[White "Guzman70"]
[Black "Joshukid"]
[Result "1-0"]
[WhiteElo "2289"]
[BlackElo "2548"]
[TimeControl "180+1"]
[EndTime "14:07:51 PDT"]
[Termination "Guzman70 won on time"]

1. Nf3 d5 2. d4 Nf6 3. Bf4 e6 4. e3 Bd6 5. Bg3 O-O 6. c4 Nc6 7. Nc3 Qe7 8. c5 Bxg3 9. hxg3 e5 10. Be2 Bg4 11. Nxe5 Bxe2 12. Nxc6 bxc6 13. Qxe2 a5 14. b3 Nd7 15. Qh5 h6 16. Qg4 f5 17. Qf4 Rac8 18.
g4 fxg4 19. Qxg4 Qf6 20. O-O Nxc5 21. Nxd5 cxd5 22. dxc5 c6 23. Rad1 Qb2 24. e4 dxe4 25. Rd6 e3 26. Qe6+ Kh8 27. Qxe3 Qxa2 28. Qc3 Kh7 29.
Rd2 Qa3 30. Ra1 Qb4 31. Qxb4 axb4 32. Ra4 Rf4 33. Rd6 Rf5 34. Rxb4 Rxc5 35. Rg4 Rc7 36. b4 Rc1+ 37. Kh2 Rc2 38. f3 c5 39. b5 Rb2 40. b6 Rb7 41. Rc6 R2xb6 42. Rxc5 Rb4 43. Rxb4 Rxb4 44. Rc7 h5 45. Kg3 h4+ 46. Kh3 Kh6 47. Rc5 g5 48. Rc8 Rb1 49. Kh2 Rb2 50. Rc6+ Kh5 51.
Rc8 Kg6 52. Rg8+ Kf5 53. Rf8+ Ke5 54. Rg8 Kf4 55. Rf8+ Ke3 56. Rf5 g4 57. fxg4 Ke4 58. Kh3 Ra2 59. Rf8 Ke5 60. g5 Ra3+ 61. Kxh4 Ke6 62. g6 Ra4+ 63. g4 1-0

[Event "Late-Titled-Tuesday-Blitz-September-19-2023"]
[Site "Chess.com"]
[Date "2023.09.19"]
[Round "1"]
[White "Hirna2005"]
[Black "thedjoker98"]
[Result "1-0"]
[WhiteElo "2368"]
[BlackElo "2616"]
[TimeControl "180+1"]
[EndTime "14:07:52 PDT"]
[Termination "Hirna2005 won on time"]

1. e4 e5 2. Nf3 Nc6 3. Bc4 Bc5 4. c3 Nf6 5. b4 Bb6 6. d3 d6 7. a4 a5 8. b5 Ne7 9. O-O Ng6 10. Bb3 O-O 11.
Nbd2 c6 12. Nc4 Bc7 13. Re1 h6 14. Rb1 Be6 15. b6 Bb8 16. Ne3 d5 17. Nf5 Ra6 18.
Be3 dxe4 19. dxe4 Nxe4 20. Bxe6 fxe6 21. Qb3 Qf6 22. Ng3 Nxg3 23. fxg3 Bd6 24. Rbd1 Qe7 25.
Qc4 Raa8 26. Rd2 Nh8 27. Bf2 Nf7 28. Nh4 Rfe8 29. Rde2 Rad8 30. Ng6 Qf6 31. Nh4 Bf8 32. Be3 Rd5 33. Rf1 Qd8 34. Ref2 Nd6 35. Qg4 e4 36. Ng6 Nf5 37. Qxe4 Nxe3 38. Rxf8+ Rxf8 39. Rxf8+ Qxf8 40. Nxf8 Rd1+ 41. Kf2 Nd5 42. Nxe6 Rd2+ 43. Ke1 Ra2 44. Qg6 Ra1+ 45. Ke2 Ra2+ 46. Kd3 Nf4+ 47. gxf4 1-0

[Event "Late-Titled-Tuesday-Blitz-September-19-2023"]
[Site "Chess.com"]
[Date "2023.09.19"]
[Round "1"]
[White "Maksimus1998"]
[Black "jinxy2009"]
[Result "1-0"]
[WhiteElo "2589"]
[BlackElo "2298"]
[TimeControl "180+1"]
[EndTime "14:07:52 PDT"]
[Termination "Maksimus1998 won by resignation"]

1. d4 Nf6 2. Nf3 d5 3. e3 Bf5 4. b3 e6 5. Bb2 Bd6 6. Be2 O-O 7. O-O c6 8. Nbd2 Nbd7 9. Nh4 Bg6 10. Nxg6 hxg6 11.
c4 Qe7 12. a3 Rfe8 13. Nf3 Rad8 14. b4 dxc4 15. Bxc4 e5 16. h3 exd4 17. Bxd4 c5 18. bxc5 Bxc5 19. Qb1 Bxd4 20. Nxd4 Nb6 21. Bb3 Qe4 22.
a4 Rc8 23. a5 Nc4 24. Bxc4 Rxc4 25. Nb5 Qxb1 26. Rfxb1 Rd8 27. Nxa7 Rd2 28. Nb5 Rcc2 29. Nd4 Rc7 30. Rf1 Ne4 31. Ra4 Nc3 32. Ra3 Ne2+ 33.
Nxe2 Rxe2 34. Rb3 Ra2 35. Rb5 Rcc2 36. h4 Kf8 37. g3 Ke8 38. Kg2 Rd2 39. Rxb7 Rxa5 40.
Rc1 Kd8 41. Rxf7 Raa2 42. Rc4 Ke8 43. Rff4 Ke7 44. Rce4+ Kd7 45. Rd4+ Ke7 46. Rxd2 Rxd2 47. Kf3 Rd7 48. Kg4 Rd5 49. Rd4 Ra5 50. e4 Ke6 51. f4 Kf6 52. e5+ Kf7 53. Rd7+ Kf8 54. Kg5 Ra3 55. g4 Rg3 56. Rd6 Kf7 57. Rxg6 Rg2 58.
Ra6 Rg1 59. h5 Kf8 60. h6 gxh6+ 61. Rxh6 Kf7 62. e6+ 1-0